 Dungeon Crawl Stone Soup version bcrawl-1.28.1b (webtiles) character file.

Game seed: 4948619340597691676

127545 Morbidden the Sneak (level 4, -6/25 HPs)
             Began as a Vine Stalker Archaeologist on Dec 17, 2020.
             Mangled by an orc wizard
             ... wielding a +1 dagger of electrocution
              (12 damage)
             ... on level 3 of the Dungeon.
             The game lasted 00:02:42 (1537 turns).

Morbidden the Sneak (Vine Stalker Archaeologist)    Turns: 1537, Time: 00:02:42

Health: -6/25      AC:  9    Str: 14    XL:     4   Next: 13%
Magic:  5/5        EV: 12    Int: 15    God:
Gold:   162        SH:  0    Dex: 12    Spells: 3/3 levels left

rFire    . . .     SeeInvis .   b - +1 dagger (speed)
rCold    . . .     Gourm    .   (no shield)
rNeg     . . .     Faith    .   h - +0 ring mail
rPois    .         Spirit   .   c - +2 hat
rElec    .         Reflect  .   (no cloak)
rCorr    .         Harm     .   (no gloves)
MR       .....                  d - +1 pair of boots
Stlth    ++........             (no amulet)
HPRegen  0.48/turn              (no ring)
MPRegen  0.09/turn              (no ring)

@: no status effects
A: fangs 2, regeneration 1, no potion heal 3, rot immunity, strong jaws
a: no special abilities


You were on level 3 of the Dungeon.
You were hungry.

You visited 1 branch of the dungeon, and saw 3 of its levels.

You collected 162 gold pieces.

Inventory:

Hand Weapons
 b - a +1 dagger of speed (weapon)
Armour
 c - a +2 hat (worn)
 d - a +1 pair of boots (worn)
 h - a +0 ring mail (worn)
Scrolls
 a - a scroll of amnesia {unknown}
 g - a scroll of magic mapping
 i - a scroll of enchant weapon {unknown}
 j - a scroll of enchant armour
 k - 2 scrolls of identify
 l - a scroll of teleportation {unknown}
Potions
 n - a potion of heal wounds {unknown}
 o - 2 potions of agility {unknown}
Miscellaneous
 f - a dusty tome
Comestibles
 e - 3 rations {!d}


   Skills:
 + Level 1.2 Fighting
 + Level 1.2 Short Blades
   Level 1.1 Maces & Flails
 + Level 0.4 Armour
 + Level 3.9 Dodging
 + Level 5.3 Stealth


You had 3 spell levels left.
You didn't know any spells.
Your spell library was empty.

Dungeon Overview and Level Annotations

Branches:
Dungeon (3/12)

Altars:


Innate Abilities, Weirdness & Mutations

You have extremely sharp teeth.
Your natural rate of healing is unusually fast.
Potions cannot restore your health.
You are immune to rotting.
Your bites deal extra damage.


Message History

Unknown command.
Okay, then.
Unknown command.
You barely miss the orc wizard.
The orc wizard is heavily wounded.
Unknown command.
Unknown command.
You hit the orc wizard but do no damage.
The orc wizard is heavily wounded.
The orc wizard hits you with a +1 dagger of electrocution.
* * * LOW HITPOINT WARNING * * *
Evoke which item? (* to show all) (? for menu, Esc to quit)
Okay, then.
As you read the scroll labeled PUJAUN LACA, it crumbles to dust.
It is a scroll of enchant armour.
Really abort (and waste the scroll)?
Your +1 hat glows green for a moment.
The orc wizard hits you but does no damage.
You are electrocuted!
You die...

#...^.....#
#.........#
+.........#
#.........#
#.........###
#.......$...#
#..%..[o....#
#@##..#
#)##..#########
#.##..#.......#
#.##..#.#####.#
#.##..#.#..<#.#
#.##..#.#.###.#
#.##..#.#.....#
#.##..#.########
#.....#........#


You could see an orc wizard.

Vanquished Creatures
  2 oozes (D:1)
  2 worms (D:2)
  3 leopard geckos
  3 orcs (D:3)
  4 giant cockroaches
  3 goblins
  5 hobgoblins
  7 bats
  2 frilled lizards (D:1)
  10 kobolds
  3 rats (D:2)
  A plant (D:1)
45 creatures vanquished.

Notes
Turn   | Place    | Note
-------+----------+-------------------------------------------
     0 | D:1      | Morbidden the Vine Stalker Archaeologist began the quest
                  | for the Orb.
     0 | D:1      | Reached XP level 1. HP: 11/11 MP: 2/2
    87 | D:1      | Reached skill level 1 in Maces & Flails
    87 | D:1      | Reached XP level 2. HP: 16/16 MP: 3/3
   332 | D:1      | Reached skill level 1 in Fighting
   525 | D:1      | Reached skill level 5 in Stealth
   605 | D:1      | Reached XP level 3. HP: 17/20 MP: 4/4
  1117 | D:2      | Reached skill level 1 in Short Blades
  1284 | D:2      | Reached XP level 4. HP: 25/25 MP: 5/5
  1537 | D:3      | Mangled by an orc wizard

Skill      XL: |  1  2  3 |
---------------+----------+-----
Maces & Flails | 1 |  1.1
Fighting       | 1 |  1.2
Stealth        | 5 |  5.3
Short Blades   | 1 |  1.2
Armour         | |  0.4
Dodging        | |  3.9

Action                   |  1- 3 |  4- 6 || total
-------------------------+-------+-------++-------
Melee: Whip              |    48 |       ||    48
       Bite              |    24 |     4 ||    28
       Dagger            |   178 |    36 ||   214
  Use: Scroll            |       |     1 ||     1
 Stab: Sleeping          |     4 |       ||     4
  Eat: Chunk             |     5 |     1 ||     6
Armor: Ring mail         |    52 |    12 ||    64
Dodge: Dodged            |    93 |    14 ||   107
